 Dungeon Crawl Stone Soup version 0.27-a0-1099-g7f87ac42b0 (webtiles) character file.

Game seed: 5883604109622476096

10955 Gaff the Thaumaturge (level 11, 0/85 HPs)
             Began as a Djinni Earth Elementalist on Apr 28, 2021.
             Was a Believer of Ashenzari.
             Shot with an arrow by a centaur (8 damage)
             ... on level 11 of the Dungeon.
             The game lasted 01:14:49 (16678 turns).

Gaff the Thaumaturge (Djinni Earth Elementalist)   Turns: 16678, Time: 01:14:49

Health: 0/85       AC: 14    Str:  7    XL:     11   Next: 70%
Gold:   531        EV: 13    Int: 20    God:    Ashenzari [**....] SH:  0 Dex: 14

rFire    + + .     SeeInvis +   a - +6 club
rCold    x . .     Faith    .   (no shield)
rNeg     . . .     Spirit   .   s - +0 acid dragon scales of Apeoromancy {rCorr, Self, Fort} (curse)
rPois    ∞         Reflect  .   r - +0 helmet "Share My Vision" {Self, Range} (curse)
rElec    .         Harm     .   T - +1 cloak
rCorr    +         Rampage  .   f - +2 pair of gloves "Lashed Embarrassment" {Melee, Self} (curse)
Will     +++..                  (boots unavailable)
Stlth    +.........             (no amulet)
HPRegen  0.24/turn              w - ring of willpower
MPRegen  0.00/turn              G - ring of willpower

@: flying
A: fire resistance 2, cold vulnerability 1, float, innate caster, hp casting,
extra vitality 1
a: Renounce Religion, Shatter the Chains


You were on level 11 of the Dungeon.
You worshipped Ashenzari.
Ashenzari was pleased with you.
You visited 2 branches of the dungeon, and saw 12 of its levels.

You collected 553 gold pieces.
You spent 22 gold pieces at shops.

Inventory:

Hand Weapons
 a - a +6 club (weapon)
 i - a +2 dagger of speed
 v - a +2 dagger of electrocution
 z - a +1 great sword
 A - a +0 dagger of draining
 D - a +1 antimagic hand axe
 O - a +2 falchion
 Q - a +2 trident of venom
 R - a +2 scimitar of flaming
 U - the +3 spear "Acamilikk" {elec, Dex+2}
   (You found it on level 9 of the Dungeon)

   Occasionally, upon striking a foe, it can discharge electrical energy and
   cause terrible harm.
   It affects your dexterity (+2).
Missiles
 g - 2 curare-tipped darts
 B - 396 stones
 C - 18 boomerangs
Armour
 f - the cursed +2 pair of gloves "Lashed Embarrassment" (worn) {Melee, Self}
   (You found it on level 1 of the Dungeon)

   It has a curse which improves the following skills: Melee Combat: Short
   Blades, Long Blades, Axes, Maces & Flails, Polearms, Staves and Unarmed
   Combat.
   Introspection: Fighting and Spellcasting.
 r - the cursed +0 helmet "Share My Vision" (worn) {Self, Range}
   (You took it off Robin on level 3 of the Dungeon)

   It has a curse which improves the following skills: Introspection: Fighting
   and Spellcasting.
   Ranged Combat: Slings, Bows, Crossbows and Throwing.
 s - the cursed +0 acid dragon scales of Apeoromancy (worn) {rCorr, Self, Fort}
   (You found it on level 10 of the Dungeon)

   It protects you from acid and corrosion.
   It has a curse which improves the following skills: Introspection: Fighting
   and Spellcasting.
   Fortitude: Armour and Shields.
 H - a +2 leather armour of poison resistance
 M - a +1 hat
 T - a +1 cloak (worn)
 Y - a +1 leather armour of fire resistance
Magical Staves
 b - a staff of conjuration
Jewellery
 m - a ring of poison resistance
 w - a ring of willpower (left hand)
 G - a ring of willpower (right hand)
Wands
 c - a wand of iceblast (6)
 h - a wand of flame (16)
 x - a wand of polymorph (6)
 L - a wand of acid (19)
Scrolls
 d - 3 scrolls of teleportation
 e - 4 scrolls of amnesia
 j - 2 scrolls of fog
 l - a scroll of brand weapon
 n - 4 scrolls of enchant weapon
 p - 3 scrolls of noise
 t - 4 scrolls of magic mapping
 y - 3 scrolls of blinking
 F - a scroll of fear
 S - 2 scrolls of enchant armour
 W - a scroll of silence
 X - 2 scrolls of immolation
Potions
 k - 4 potions of flight
 o - a potion of brilliance
 q - 3 potions of might
 u - 2 potions of attraction
 I - 2 potions of haste
 J - a potion of magic
 N - 4 potions of curing
 P - a potion of ambrosia
 Z - a potion of resistance


   Skills:
 - Level 7.0(10.1) Fighting
 + Level 4.2(5.6) Armour
 + Level 5.3 Dodging
 - Level 1.5 Stealth
 * Level 12.8(15.4) Spellcasting
 + Level 2.7 Evocations


You had 11 spell levels left.
You knew the following spells:

 Your Spells              Type           Power      Damage    Failure   Level
a - Sandblast             Erth           100%       2d20      0%          1
b - Passwall              Tmut/Erth      55%        N/A       1%          2
c - Stone Arrow           Conj/Erth      100%       3d13      1%          3
d - Petrify               Tmut/Erth      67%        N/A       1%          4
e - Lee's Rapid Deconstr  Erth           33%        3d18*     1%          5
f - Foxfire               Conj/Fire      100%       2x1d9     0%          1
g - Searing Ray           Conj           100%       3d7       1%          2
h - Ozocubu's Armour      Ice            67%        N/A       1%          3
i - Summon Ice Beast      Ice/Summ       67%        N/A       1%          4
j - Iskenderun's Mystic   Conj/Tloc      67%        2d14      1%          4
Your spell library was empty.

Dungeon Overview and Level Annotations

Branches:
Dungeon (11/15)            Temple (1/1) D:5            Lair (0/6) D:8
    Orc (0/2) D:10

Altars:
Ashenzari
Cheibriados
Dithmenos
Elyvilon
Fedhas
Gozag
Hepliaklqana
Kikubaaqudgha
Makhleb
Nemelex Xobeh
Okawaru
Qazlal
Ru
Sif Muna
Trog
Uskayaw
Vehumet
Wu Jian
Xom
Yredelemnul
Zin
The Shining One

Shops:
D:2 *   D:7 (   D:9 =?(


Innate Abilities, Weirdness & Mutations

You are immune to poison.
Your flesh is very heat resistant. (rF++)
You are vulnerable to cold. (rC-)
You float through the air rather than walking.
You learn spells naturally, not from books.
Your magical power is your life essence.
You have superior vitality. (+4 HP)


Message History

* * * LOW HITPOINT WARNING * * *
Casting: Lee's Rapid Deconstruction (mildly dangerous; 1% risk of failure)
Confirm with . or Enter, or press ? or * to list all spells.
Aiming: Petrify (safe; 1% risk of failure)
Press: ? - help, Shift-Dir - straight line, f - yak
Aim: a yak (chance to affect: 79%)
The yak is moving more slowly.
* * * LOW HITPOINT WARNING * * *
Things that are here:
a +0 leather armour; a +0 war axe
Things that are here:
a +0 leather armour; a +0 hand axe
Things that are here:
a +0 plate armour; a +0 glaive You drop 4 silver boomerangs.
Casting: Petrify (safe; 1% risk of failure)
Confirm with . or Enter, or press ? or * to list all spells.
Okay, then.
Casting: Petrify (safe; 1% risk of failure)
Confirm with . or Enter, or press ? or * to list all spells.
Aiming: Lee's Rapid Deconstruction (mildly dangerous; 1% risk of failure)
Press: ? - help, Dir - move target, f/p - yak Fragment what (e.g. wall or brittle monster)?: a yak (petrified)
The yak shatters!
The yak is moderately wounded.
* * * LOW HITPOINT WARNING * * *
Casting: Lee's Rapid Deconstruction (mildly dangerous; 1% risk of failure)
Confirm with . or Enter, or press ? or * to list all spells.
Okay, then.
Things that are here:
a +0 plate armour; a +0 glaive Your ice beast disappears in a puff of smoke!
There is an open door here.
The centaur shouts!
The centaur shoots an arrow.
The arrow misses you.
The centaur shoots an arrow.
The arrow closely misses you.
The centaur shoots an arrow.
The arrow hits you!
* * * LOW HITPOINT WARNING * * *
The centaur shoots an arrow.
The arrow hits you!
You die...

, +......##.##### #.#...< ,
*#......'......# #...... ,
##......##.....#,, #....(. ,
#........#.....# ,#......
#....###.#.....# # * #.#'##.
#...<..#.#.#'### .### #.#.... ,
,##.....<.#.#.####....,#.####.
**#####.#.#.#.#....#####.####.
#...#.#.#@................
#######)#.....#.................
#.......#'#.###.####.##....####.
#.#####...c...#............# #.
* ###.....#.cY##.........# #. ,
#.........#.##.........####.
#.#.....#...##.............. *
#.#.......#..'.............. **
**#.#.....#...................


You could see a yak and a centaur.

Vanquished Creatures
  Erica (D:8)
  2 kobold demonologists (D:10)
  An unseen horror (D:9)
  A troll (D:11)
  A hornet (D:9)
  3 shadows
  13 yaks
  Eustachio (D:4)
  A steam dragon (D:9)
  2 acid dragons
  4 water moccasins
  An orc warrior (D:9)
  A black bear (D:8)
  3 ice beasts
  A necrophage (D:7)
  5 ogres
  7 centaurs
  4 bullfrogs
  3 kobold brigands
  2 scorpions (D:4)
  A water moccasin zombie (D:5)
  7 killer bees
  A water moccasin skeleton (D:4)
  6 wights
  2 howler monkeys
  A bullfrog zombie (D:6)
  4 centaur zombies
  4 hounds
  2 jellies
  3 bullfrog skeletons
  6 orc priests
  Jessica (D:2)
  4 iguanas
  4 orc wizards
  A hound zombie (D:5)
  2 hound skeletons (D:4)
  3 howler monkey zombies
  Robin (D:3)
  3 gnolls (D:2)
  8 adders
  A white imp (D:8)
  An ufetubus (D:5)
  An adder skeleton (D:4)
  2 worms
  A dart slug (D:2)
  37 orcs
  8 bats
  3 endoplasms
  3 giant cockroaches
  17 goblins
  10 hobgoblins
  8 jackals
  2 quokkas (D:1)
  9 ball pythons
  5 frilled lizards
  12 kobolds
  7 rats
248 creatures vanquished.

Vanquished Creatures (collateral kills)
  A shadow (D:10)
  7 yaks
  2 orc warriors
  2 centaurs
  2 kobold brigands (D:10)
  A bullfrog (D:7)
  A scorpion (D:7)
  5 killer bees
  A white imp (D:7)
  3 orcs
  A foxfire (D:3)
26 creatures vanquished.

Vanquished Creatures (others)
  An ice beast (D:7)
  A gnoll (D:7)
  518 foxfires
520 creatures vanquished.

Grand Total: 794 creatures vanquished

Notes
Turn   | Place    | Note
-------+----------+-------------------------------------------
     0 | D:1      | Gaff the Djinni Earth Elementalist began the quest for the
                  | Orb.
     0 | D:1      | Reached XP level 1. HP: 15/15 MP: 0/0
    71 | D:1      | Reached skill level 3 in Spellcasting
   130 | D:1      | Reached XP level 2. HP: 11/21 MP: 0/0
   839 | D:1      | Reached XP level 3. HP: 23/25 MP: 0/0
   839 | D:1      | Learned a level 1 spell: Foxfire
  1207 | D:2      | Noticed Jessica
  1588 | D:2      | Found Xeumoz's General Store.
  1596 | D:2      | Bought a scroll of identify for 22 gold pieces
  1738 | D:2      | Reached skill level 4 in Spellcasting
  1749 | D:2      | Reached XP level 4. HP: 23/31 MP: 0/0
  1857 | D:2      | Killed Jessica
  2199 | D:2      | Reached XP level 5. HP: 15/36 MP: 0/0
  2199 | D:2      | Learned a level 2 spell: Searing Ray
  2393 | D:2      | Reached skill level 1 in Fighting
  2862 | D:3      | Reached skill level 5 in Spellcasting
  2918 | D:3      | Noticed Robin
  2928 | D:3      | Killed Robin
  3253 | D:3      | Found a sacrificial altar of Ru.
  3261 | D:3      | Became a worshipper of Ru the Awakened
  3454 | D:3      | Reached XP level 6. HP: 43/43 MP: 0/0
  4243 | D:4      | Noticed Eustachio
  4263 | D:4      | Killed Eustachio
  4411 | D:4      | Reached XP level 7. HP: 36/49 MP: 0/0
  4411 | D:4      | Learned a level 3 spell: Ozocubu's Armour
  4558 | D:2      | Reached skill level 6 in Spellcasting
  5611 | D:4      | Reached XP level 8. HP: 54/58 MP: 0/0
  5719 | D:5      | Entered Level 5 of the Dungeon
  5807 | D:5      | Reached skill level 7 in Spellcasting
  6379 | D:5      | Reached skill level 8 in Spellcasting
  6609 | D:5      | Found a staircase to the Ecumenical Temple.
  6617 | Temple   | Entered the Ecumenical Temple
  6770 | Temple   | Fell from the grace of Ru
  6770 | Temple   | Became a worshipper of Ashenzari the Shackled
  7327 | D:6      | Found a burning altar of Makhleb.
  7766 | D:6      | Reached skill level 9 in Spellcasting
  7766 | D:6      | Reached XP level 9. HP: 44/62 MP: 0/0
  7766 | D:6      | Learned a level 4 spell: Summon Ice Beast
  8602 | D:6      | Found a stormy altar of Qazlal.
  8847 | D:6      | Reached skill level 10 in Spellcasting
  9364 | D:7      | Found a shimmering altar of Xom.
 10063 | D:7      | Found Asiulaynn's Antique Weapon Boutique.
 10311 | D:7      | Reached skill level 5 in Fighting
 10481 | D:8      | Identified the Disquisition on Entrancing Flames
 10764 | D:8      | Reached XP level 10. HP: 52/72 MP: 0/0
 11030 | D:8      | Reached * piety under Ashenzari
 11229 | D:8      | Noticed Erica
 11591 | D:7      | Reached skill level 11 in Spellcasting
 11795 | D:9      | Found Atin Ynn's Jewellery Shoppe.
 11855 | D:8      | Killed Erica
 11980 | D:8      | Found a staircase to the Lair.
 13412 | D:9      | Identified the +3 spear "Acamilikk" {elec, Dex+2}
 13422 | D:9      | Reached skill level 1 in Armour
 13655 | D:9      | Reached skill level 12 in Spellcasting
 13871 | D:9      | Reached ** piety under Ashenzari
 14054 | D:9      | Found Jyxink's Magic Scroll Boutique.
 14057 | D:9      | Reached XP level 11. HP: 75/85 MP: 0/0
 14057 | D:9      | Learned a level 4 spell: Iskenderun's Mystic Blast
 14340 | D:9      | Found Yrchyoly's Antique Weapon Shop.
 15011 | D:10     | Entered Level 10 of the Dungeon
 15057 | D:10     | Found a staircase to the Orcish Mines.
 15299 | D:10     | Reached skill level 1 in Evocations
 16054 | D:11     | Reached skill level 5 in Dodging
 16136 | D:11     | Reached *** piety under Ashenzari
 16168 | D:11     | Noticed a brown ugly thing
 16618 | D:11     | Noticed a two-headed ogre
 16678 | D:11     | Shot with an arrow by a centaur

Illustrated notes

Levels and vault maps discovered:
D:1:      minmay_arrival_stone_box, layout_basic, minmay_misc_feat_tower
D:2:      layout_basic, serial_shops, shop, feat_on_display, uniq_jessica
D:3:      layout_loops_cross, nicolae_ru_sacrificial_ziggurat, nrook_uturn,
          minmay_ruptured, uniq_robin
D:4:      layout_loops_ring, uniq_eustachio
D:5:      layout_loops_cross, minmay_temple_entry_junction, minivault_25,
          kennysheep_generic_room_3
D:6:      layout_basic, nicolae_overflow_crystal_walls,
          nicolae_qazlal_style_of_elements, serial_curves, eino_curves_04,
          eino_curves_04, eino_curves_03
D:7:      layout_cave_pools, xom_confusion_cloud, serial_shops, shop
D:8:      kennysheep_spiral_hall, layout_loops_ring, lair_entry_dummy,
          uniq_erica
D:9:      wad_crossroads, layout_loops_ring, serial_shops, shop_statue, shop,
          shop
D:10:     layout_rooms
D:11:     layout_basic, nicolae_blasting_shop, minmay_misc_feat_pillars
Temple:   hc_temple_tempest_star

Skill      XL: |  1  2  3  4  5  6  7  8  9 10 11 |
---------------+----------------------------------+-----
Spellcasting   | 3 4 5 6 9 10 12 | 12.8
Fighting       | 1 2 4 5 7 |  7.0
Armour         | 2 4 |  4.2
Dodging        | 3 5 |  5.3
Evocations     | 2 |  2.7
Stealth        | |  1.5

Action                   |  1- 3 |  4- 6 |  7- 9 | 10-12 || total
-------------------------+-------+-------+-------+-------++-------
Melee: Dagger            |    24 |       |       |       ||    24
       Unarmed           |     9 |       |       |       ||     9
       Club              |       |    59 |    60 |    48 ||   167
 Cast: Sandblast         |    28 |     1 |     3 |     5 ||    37
       Foxfire           |    29 |    74 |   167 |    81 ||   351
       Passwall          |       |     1 |       |       ||     1
       Searing Ray       |       |     2 |    13 |     8 ||    23
       Ozocubu's Armour  |       |       |    17 |    15 ||    32
       Stone Arrow       |       |       |     2 |       ||     2
       Petrify           |       |       |     8 |     6 ||    14
       Summon Ice Beast  |       |       |    20 |    48 ||    68
       Lee's Rapid Decon |       |       |       |    74 ||    74
Invok: Curse Item        |       |       |     2 |     3 ||     5
       Shatter the Chain |       |       |     1 |     1 ||     2
  Use: Scroll            |     1 |     4 |     3 |     3 ||    11
       Potion            |       |       |     2 |     1 ||     3
 Stab: Sleeping          |     2 |     1 |       |       ||     3
       Distracted        |       |       |     1 |       ||     1
Armor: Robe              |    12 |    29 |    18 |       ||    59
       Leather armour    |       |       |    40 |    31 ||    71
       Acid dragon scale |       |       |       |    23 ||    23
Dodge: Dodged            |    22 |    55 |    97 |    80 ||   254

Table legend: (Time is in decaauts)
 A = Elapsed time spent in this place.
 B = Non-inter-level travel time spent in this place.
 C = Inter-level travel time spent in this place.
 D = Time resting spent in this place.
 E = Time spent auto-exploring this place.
 F = Levels seen in this place.
 G = Mean time per level.
                   A        B        C        D        E       F      G
               +--------+--------+--------+--------+--------+-----+--------+
         Total |  16764 |  15611 |   1153 |   6371 |   4673 |  12 | 1397.0 |
       Dungeon |  16603 |  15450 |   1153 |   6371 |   4542 |  11 | 1509.4 |
        Temple |    160 |    160 |      0 |      0 |    131 |   1 |  160.0 |
               +--------+--------+--------+--------+--------+-----+--------+

Top non-repeatable levels by time:
     D:6: 2592 daAuts
     D:8: 2015 daAuts
     D:2: 1963 daAuts
     D:7: 1728 daAuts
     D:9: 1493 daAuts
     D:4: 1387 daAuts
     D:3: 1306 daAuts
     D:5: 1282 daAuts
     D:1: 1220 daAuts
    D:10: 1018 daAuts
    D:11: 596 daAuts
  Temple: 160 daAuts
